 Dungeon Crawl Stone Soup version 0.31.0-12-g77e489cdc1 (webtiles) character file.

Game seed: 15264507006465651019

383 Killerpretzel the Changeling (level 6, 0/41 HPs)
             Began as an Octopode Shapeshifter on Mar 6, 2024.
             Slain by a river rat (6 damage)
             ... in a sewer.
             The game lasted 00:03:42 (2184 turns).

Killerpretzel the Changeling (OpSh)                 Turns: 2184, Time: 00:03:42

Health: 0/41       AC:  1    Str: 13    XL:     6   Next: 76%
Magic:  6/6        EV: 14    Int: 13    God:
Gold:   117        SH:  0    Dex: 13    Spells: 3/5 levels left

rFire   . . .        e - +0 dagger (elec)
rCold   . . .        (no shield)
rNeg    . . .        (helmet currently unavailable)
rPois   .            (no amulet)
rElec   .            g - ring of wizardry
rCorr   .            h - ring of see invisible
SInv    +            (no ring)
Will    .....        (no ring)
Stlth   ++           (no ring)
HPRegen 0.26/turn    (no ring)
MPRegen 0.10/turn    (no ring)
                     (no ring)

%: wizardry (x1)
@: lethally poisoned (0 -> -1), beast-form
A: beast (slay +2), almost no armour, amphibious, 8 rings, camouflage 1,
gelatinous body 1, (nimble swimmer 1), tentacles
a: Begin Untransformation


You were in a sewer.
You were a hulking beast.
You visited 1 branch of the dungeon, and saw 3 of its levels.
You also visited: Sewer.

You collected 117 gold pieces.

Inventory:

Hand Weapons
 e - a +0 dagger of electrocution (weapon)
Missiles
 f - 6 boomerangs (quivered)
Jewellery
 g - a ring of wizardry (left tentacle)
 h - a ring of see invisible (right tentacle)
Talismans
 b - a beast talisman
 c - a flux talisman
Scrolls
 i - 4 scrolls of identify
 j - a scroll of revelation
Potions
 a - a potion of heal wounds
 d - a potion of degeneration {unknown}


   Skills:
 + Level 2.8 Fighting
 + Level 3.4 Dodging
 + Level 4.1 Unarmed Combat
 + Level 1.5 Translocations
 * Level 4.8 Shapeshifting


You had 3 spell levels left.
You knew the following spells:

 Your Spells              Type           Power      Damage    Failure   Level
a - Blink                 Tloc           6%         N/A       11%         2

Your spell library contained the following spells:

 Spells                   Type           Power      Damage    Failure   Level
 Magic Dart               Conj           0%         1d3       12%         1
 Call Imp                 Summ           0%         N/A       19%         2
 Vhi's Electric Charge    Tloc/Air       2%         N/A       63%         4
 Animate Dead             Necr           0%         N/A       73%         4
 Arcjolt                  Conj/Air       0%         1d10      96%         5
 Plasma Beam              Fire/Air       0%         2x1d10    100%        6
 Haunt                    Necr/Summ      0%         N/A       100%        7
 Infestation              Necr           0%         N/A       100%        8


Dungeon Overview and Level Annotations

Branches:
Dungeon (3/15)              Sewer (1/1)

Altars:
Cheibriados


Innate Abilities, Weirdness & Mutations

You are a hulking beast.
Your limbs bulge with bestial killing power. (Slay +2)
You cannot wear most types of armour.
You are amphibious.
You can wear up to eight rings at the same time.
Your skin changes colour to match your surroundings (Stealth+).
Your rubbery body absorbs attacks. (AC +1, EV +1)
((You are camouflaged when in or above water. (Stealth+)))
You have tentacles for arms and can constrict up to eight enemies at once.


Message History

You feel sick.
The adder bites you. x2; The river rat closely misses you.
You hit the adder. Lightning courses through the adder!
You kill the adder!
You feel sick. The adder closely misses you. The river rat bites you.
The river rat closely misses you. The adder barely misses you.
You are too injured to fight recklessly!
You are too injured to fight recklessly!
You barely miss the adder. You grab the adder. Your squeeze misses the adder.
You constrict the adder.
You feel sick. The river rat barely misses you. The adder bites you.
The rat splashes around in the water.
The river rat barely misses you.
You closely miss the river rat. Your grab misses the river rat.
You constrict the adder.
You feel sick.
You are no longer poisoned.
The river rat bites you. The adder bites you.
You are poisoned.
The adder poisons you!
The rat splashes around in the water.
The river rat misses you.
You hit the river rat but do no damage. Your grab misses the river rat.
You constrict the adder.
You feel sick. The adder closely misses you. The river rat bites you.
The rat closely misses you. The river rat bites you.
You hit the river rat but do no damage. You grab the river rat.
Your tentacle-slap misses the river rat.
You constrict the river rat. You constrict the adder.
You kill the adder!
You feel sick. The river rat closely misses you. The rat barely misses you.
The river rat misses you.
You hit the river rat. You grab the river rat.
You squeeze the river rat, but do no damage.
The river rat is heavily wounded.
You constrict the river rat, but do no damage.
You constrict the river rat.
You feel sick. The river rat closely misses you. The rat bites you.
* * * LOW HITPOINT WARNING * * *
The river rat completely misses you.
You hit the river rat.
The river rat is almost dead.
You constrict the river rat, but do no damage. x2
You feel sick. The river rat bites you.
You die...

####################
##....≈≈≈≈≈≈≈≈≈≈≈≈≈≈≈
#....~≈≈≈≈≈~≈.~≈≈≈≈≈~
#..∩..~~~≈≈#~~~≈~≈~≈~
#..∩..~≈~~~~≈~≈~~~~~~
#..rrr~~≈≈≈≈~≈≈r≈~≈~~
##.†h#~≈≈≈≈≈≈≈≈≈≈≈≈≈~
####################


You could see 2 river rats and a rat.

Vanquished Creatures
  Sigmund (D:3)
  An orc priest (D:3)
  Terence (D:2)
  An orc wizard (D:3)
  6 adders
  A ribbon worm (D:2)
  4 dart slugs
  9 orcs (D:3)
  9 ball pythons
  4 endoplasms
  8 goblins
  6 hobgoblins
  9 bats
  7 frilled lizards
  4 kobolds
  4 rats
75 creatures vanquished.

Notes
Turn   | Place    | Note
-------+----------+-------------------------------------------
     0 | D:1      | Killerpretzel the Octopode Shapeshifter began the quest for
                  | the Orb.
     0 | D:1      | Reached XP level 1. HP: 13/13 MP: 1/1
   195 | D:1      | Reached XP level 2. HP: 18/18 MP: 2/2
   658 | D:2      | Reached XP level 3. HP: 23/23 MP: 3/3
   847 | D:2      | Noticed Terence
   859 | D:2      | Killed Terence
   860 | D:2      | Reached XP level 4. HP: 7/29 MP: 4/4
  1621 | D:3      | Reached XP level 5. HP: 17/34 MP: 5/5
  1734 | D:2      | Learned a level 2 spell: Blink
  1743 | D:3      | Found a snail-covered altar of Cheibriados.
  1982 | D:3      | Noticed Sigmund
  1988 | D:3      | Killed Sigmund
  1989 | D:3      | Reached skill level 1 in Translocations
  1989 | D:3      | Reached XP level 6. HP: 27/41 MP: 6/6
  2109 | D:3      | Found a glowing drain.
  2126 | Sewer    | Entered a sewer
  2184 | Sewer    | Slain by a river rat

Illustrated notes

Levels and vault maps discovered:
D:1:      lightli_arrival_windingriver, layout_basic, st_stairs_2,
          glass_columns_a, minmay_crystal_room, serial_park_tiny_pond,
          dreamdust_mushroom_princess
D:2:      layout_loops_ring, kennysheep_flooded_box, minmay_lizard_pond,
          uniq_terence
D:3:      layout_basic, kennysheep_slug_shrine, gup_sewer_entry_glass,
          uniq_sigmund
Sewer:    sewer_minmay_w

Skill      XL: |  1  2  3  4  5 |
---------------+----------------+-----
Fighting       | 2 |  2.8
Shapeshifting  | 4 |  4.8
Dodging        | 3 |  3.4
Unarmed Combat | 4 |  4.1
Translocations | 1 |  1.5

Action                     |  1- 3 |  4- 6 || total
---------------------------+-------+-------++-------
  Melee: Unarmed           |    68 |    20 ||    88
         Constrict         |    13 |    21 ||    34
         Tentacles         |    10 |    19 ||    29
         Punch             |     1 |       ||     1
         Dagger            |       |    66 ||    66
    Use: Scroll            |     5 |     2 ||     7
         Potion            |       |     3 ||     3
   Stab: Sleeping          |     3 |     5 ||     8
 Armour: Skin              |    24 |    65 ||    89
  Dodge: Dodged            |    46 |    76 ||   122
